 Dungeon Sprint DCSS version 0.31-a0-240-gb923e448b6 (webtiles) character file.

Game seed: 347112734307918934

1111 Conn the Arsonist (level 8, -22/50 HPs)
             Began as an Octopode Fire Elementalist on July 12, 2023.
             Was an Initiate of Sif Muna.
             Shot with a bolt by a yaktaur (30 damage)
             ... in the Dungeon (Sprint II: "The Violet Keep of Menkaure").
             The game lasted 00:11:08 (351 turns).

Conn the Arsonist (Octopode Fire Elementalist)       Turns: 351, Time: 00:11:09

Health: -22/50     AC:  1    Str:  5    XL:     8   Next: 33%
Magic:  7/21       EV: 15    Int: 20    God:    Sif Muna [......]
Gold:   475        SH:  0    Dex: 12    Spells: 3/25 levels left

rFire   + . .        b - +4 dagger (venom)
rCold   + . .        (no shield)
rNeg    . . .        (helmet restricted)
rPois   +            (no amulet)
rElec   +            (no ring)
rCorr   +            (no ring)
SInv    .            (no ring)
Will    +....        (no ring)
Stlth   ++++         (no ring)
HPRegen 0.28/turn    (no ring)
MPRegen 0.17/turn    (no ring)
                     (no ring)

%: no teleportation
@: brilliant, resistant, enlightened, flying
A: almost no armour, amphibious, 8 rings, camouflage 1, gelatinous body 1,
(nimble swimmer 1), tentacles, deterioration 2, weak 1
a: Renounce Religion


You were in the Dungeon.
You worshipped Sif Muna.
Sif Muna was noncommittal.
You visited 1 branch You collected 475 gold pieces.

Inventory:

Hand Weapons
 b - a +4 dagger of venom (weapon)
Missiles
 p - 9 poisoned darts
Armour
 g - a +0 buckler
Magical Staves
 d - a staff of cold
Scrolls
 j - 2 scrolls of amnesia
 l - a scroll of revelation
Potions
 a - 4 potions of magic
 e - 2 potions of resistance
 f - 3 potions of berserk rage
 h - a potion of mutation
 i - a potion of brilliance
 k - 4 potions of enlightenment
 n - a potion of haste
 o - a potion of might {unknown}


   Skills:
 + Level 1.8 Fighting
 + Level 5.5 Dodging
 + Level 6.7 Stealth
 * Level 9.4 Spellcasting
 + Level 7.0 Conjurations
 + Level 0.9 Hexes
 * Level 2.2 Summonings
 + Level 10.8 Fire Magic
 * Level 2.5 Invocations


You had 3 spell levels left.
You knew the following spells:

 Your Spells              Type           Power      Damage    Failure   Level
a - Foxfire               Conj/Fire      100%       2x1d9     1%          1
b - Scorch                Fire           100%       2d9       1%          2
c - Inner Flame           Hex/Fire       49%        N/A       1%          3
d - Flame Wave            Conj/Fire      61%        2d14      1%          4
e - Summon Cactus Giant   Summ           13%        N/A       99%         6
f - Searing Ray           Conj           100%       2d8       1%          2
g - Fulminant Prism       Conj/Hex       19%        3d10      14%         4

Your spell library contained the following spells:

 Spells                   Type           Power      Damage    Failure   Level
 Magic Dart               Conj           100%       1d8       1%          1
 Volatile Blastmotes      Fire/Tloc      92%        2d17      2%          3
 Slow                     Hex            76%        N/A       4%          1
 Confusing Touch          Hex            19%        N/A       16%         3
 Vampiric Draining        Necr           14%        2d7       22%         3


Dungeon Overview and Level Annotations

Branches:
Dungeon (1/1)

Altars:
Cheibriados
Dithmenos
Elyvilon
Fedhas
Gozag
Hepliaklqana
Kikubaaqudgha
Makhleb
Nemelex Xobeh
Okawaru
Qazlal
Ru
Sif Muna
Trog
Uskayaw
Vehumet
Wu Jian
Xom
Yredelemnul
Zin
The Shining One
Jiyva
Lugonu

Annotations:
D exclusion: obsidian statue, Sonja


Innate Abilities, Weirdness & Mutations

You cannot wear most types of armour.
You are amphibious.
You can wear up to eight rings at the same time.
Your skin changes colour to match your surroundings (Stealth+).
Your rubbery body absorbs attacks. (AC +1, EV +1)
((You are camouflaged when in or above water. (Stealth+)))
You have tentacles for arms and can constrict up to eight enemies at once.
Your body often deteriorates upon taking damage.
You are weak. (Str -2)


Message History

The polar bear goes berserk!
The polar bear is engulfed in blazing flames.
Sif Muna accepts your kill.
The polar bear explodes!
The fiery explosion engulfs you! You resist.
Your body deteriorates!
You feel weakened.
The fiery explosion engulfs the polar bear!
The polar bear is burned terribly!
You kill the polar bear!
Sif Muna accepts your kill.
The yaktaur shoots a bolt.
The bolt hits you!!
* * * LOW HITPOINT WARNING * * *
You hear an angry growl.
You feel your strength returning.
Your Spellcasting skill increases to level 9!
Your Conjurations skill increases to level 7!
Your Summonings skill gained 2 levels and is now at level 2!
Your Invocations skill gained 2 levels and is now at level 2!
You have reached level 8!
Casting: Flame Wave (dangerous; 1% risk of failure)
Confirm with . or Enter, or press ? or * to list all spells.
Okay, then.
Okay, then.
Casting: Flame Wave (dangerous; 1% risk of failure)
Confirm with . or Enter, or press ? or * to list all spells.
Okay, then.
It was a potion of enlightenment.
You feel very buoyant.
You fly up into the air.
The yaktaur is engulfed in a cloud of scalding steam.
The yaktaur is engulfed in a cloud of scalding steam.
Okay, then.
Okay, then.
Okay, then.
Casting: Flame Wave (dangerous; 1% risk of failure)
Confirm with . or Enter, or press ? or * to list all spells.
You feel a surge of power!
You conjure some foxfire!
The yaktaur shoots a bolt.
The bolt hits you!!
Ouch! That really hurt!
You die...

#.#....#,,*...####▓..[....)▓▓..$▓
.####..##**#..#*$#▓.)...)[.▓▓$..▓
##*,##..#,,+..#,.#▓..[.....▓▓.K.▓
###s.#..#,,#^.#,.#▓.[..(...▓▓.⌠.▓
.+s#*+..####..##.#▓....()..▓▓..$▓
###..#....###§§§##▓▓▓▓▓▓▓'▓▓▓▓+▓▓
#**,*#......~~§y§~~~~~~~~...Xw≈▓§
,***#~~.....§#c########+###.≈≈≈▓[
,,#~~~§~~~..§#§§@v._._#SS~##≈≈≈▓)
,*#~~~~~~~~.~#...v_._.#S~≈≈####▓▓
*#~~~≈≈§~~§§~#..._._._#~~~§≈##$$#
~~~~~~≈≈§§~~~#.._._._.#§~§≈§§#$T#
+++#~≈≈≈≈≈≈§~#._._._._#~~§§~§+,,+
~~~##≈≈≈###§≈#_._._._.#~§~§≈~*,,*
~~~~**~~*,#≈≈#._._._..#~~≈~~~*,,*
~~~~~+~~*+#≈§#.._._._.#~≈≈~******
~~~~**~~~§≈≈≈##########~§≈~*,,,~~


You could see a yaktaur (ally target), a hornet (inner flame) and 2 water
moccasins.

Vanquished Creatures
  2 polar bears (D)
  4 neqoxecs (D)
  Menkaure (D)
  A water moccasin (D)
8 creatures vanquished.

Vanquished Creatures (others)
  27 foxfires (D)
  A fulminant prism (D)
  12 tentacles (D)
40 creatures vanquished.

Grand Total: 48 creatures vanquished

Notes
Turn   | Place    | Note
-------+----------+-------------------------------------------
     0 | D        | Conn the Octopode Fire Elementalist began the quest for the
                  | Orb.
     0 | D        | Reached XP level 1. HP: 11/11 MP: 3/3
     1 | D        | Noticed a scorpion
     1 | D        | Noticed a scorpion
     4 | D        | Noticed a neqoxec
     4 | D        | Noticed a neqoxec
     4 | D        | Noticed a neqoxec
     4 | D        | Noticed a neqoxec
     7 | D        | Gained mutation: You have hidden genetic defects. [a
                  | neqoxec]
    13 | D        | Killed a neqoxec
    14 | D        | Reached skill level 6 in Fire Magic
    14 | D        | Reached XP level 2. HP: 17/17 MP: 3/7
    14 | D        | Reached XP level 3. HP: 21/21 MP: 3/9
    14 | D        | Reached XP level 4. HP: 27/27 MP: 3/10
    14 | D        | Reached XP level 5. HP: 31/31 MP: 3/12
    22 | D        | Killed a neqoxec
    23 | D        | Reached skill level 5 in Stealth
    23 | D        | Reached skill level 5 in Conjurations
    23 | D        | Reached skill level 8 in Fire Magic
    23 | D        | Reached XP level 6. HP: 13/36 MP: 3/15
    26 | D        | HP: 1/54 [neqoxec (10)]
    26 | D        | Gained mutation: You are weak. (Str -2) [hidden defects]
    33 | D        | Killed a neqoxec
    34 | D        | Reached skill level 1 in Fighting
    34 | D        | Reached skill level 9 in Fire Magic
    35 | D        | Gained mutation: Your body sometimes deteriorates upon
                  | taking damage. [a neqoxec]
    37 | D        | Gained mutation: Your body often deteriorates upon taking
                  | damage. [hidden defects]
    37 | D        | Lost mutation: You have hidden genetic defects. [hidden
                  | defects expressed]
    44 | D        | Killed a neqoxec
    45 | D        | Reached skill level 5 in Dodging
    45 | D        | Reached XP level 7. HP: 2/43 MP: 14/17
    56 | D        | Learned a level 2 spell: Scorch
    60 | D        | Learned a level 3 spell: Inner Flame
    65 | D        | Learned a level 4 spell: Flame Wave
    74 | D        | Noticed an obsidian statue
    76 | D        | Noticed Menkaure
    78 | D        | Killed Menkaure
    79 | D        | Reached skill level 10 in Fire Magic
    88 | D        | Found a snail-covered altar of Cheibriados.
    89 | D        | Found a shadowy altar of Dithmenos.
    89 | D        | Found a viscous altar of Jiyva.
    93 | D        | Found a white marble altar of Elyvilon.
    93 | D        | Found an ancient bone altar of Kikubaaqudgha.
    94 | D        | Found a blossoming altar of Fedhas.
    94 | D        | Found a corrupted altar of Lugonu.
    94 | D        | Found a shimmering blue altar of Sif Muna.
    95 | D        | Found an opulent altar of Gozag.
    95 | D        | Found a burning altar of Makhleb.
    95 | D        | Found a bloodstained altar of Trog.
    96 | D        | Found a sparkling altar of Nemelex Xobeh.
    96 | D        | Found a hide-covered altar of Uskayaw.
    97 | D        | Found a basalt altar of Yredelemnul.
    98 | D        | Found an iron altar of Okawaru.
    98 | D        | Found a radiant altar of Vehumet.
    98 | D        | Found a glowing silver altar of Zin.
    98 | D        | Found a hazy altar of Hepliaklqana.
    98 | D        | Found a sacrificial altar of Ru.
    98 | D        | Found a shimmering altar of Xom.
    99 | D        | Found a stormy altar of Qazlal.
    99 | D        | Found an ornate altar of the Wu Jian Council.
    99 | D        | Found a glowing golden altar of the Shining One.
   105 | D        | Became a worshipper of Sif Muna the Loreminder
   119 | D        | Noticed a kraken
   134 | D        | Found the ring of Shadows {Umbra +Inv Stlth+}
   256 | D        | Noticed a glowing orange brain
   256 | D        | Noticed a hellephant
   256 | D        | Noticed a purple draconian shifter
   256 | D        | Noticed Sonja
   256 | D        | Noticed a deep troll
   275 | D        | Learned a level 6 spell: Summon Cactus Giant
   278 | D        | Learned a level 2 spell: Searing Ray
   283 | D        | Learned a level 4 spell: Fulminant Prism
   336 | D        | Noticed a yaktaur
   336 | D        | Noticed a hornet
   336 | D        | Noticed a polar bear
   341 | D        | Noticed a polar bear
   347 | D        | Killed a polar bear
   347 | D        | Killed a polar bear
   348 | D        | Reached XP level 8. HP: 7/50 MP: 8/21
   351 | D        | Shot with a bolt by a yaktaur

Illustrated notes

Levels and vault maps discovered:
D:        the_violet_keep_of_menkaure [sprint2_stairs_cluster_1,
          sprint2_shoproom, sprint2_temple, sprint2_basic_supplies,
          sprint2_obstacle_4, sprint2_obstacle_7, sprint2_obstacle_3,
          sprint2_obstacle_2, sprint2_obstacle_1, sprint2_timed_cluster_1,
          sprint2_smallroom_cluster_1, sprint2_smallroom_final_cluster_1,
          sprint2_transparent_cluster_1, sprint2_second_timed_cluster_1,
          sprint2_sniper_area_1, sprint2_heavy_combat_area_1,
          sprint2_mutation_trap_area_1, sprint2_forest_area_1,
          sprint2_light_combat_area_1, sprint2_behind_water_1,
          sprint2_near_end_vault_1]

Skill      XL: |  1  2  3  4  5  6  7 |
---------------+----------------------+-----
Dodging        | 3 4 5 |  5.5
Stealth        | 4 5 6 |  6.7
Spellcasting   | 4 6 7 9 |  9.4
Conjurations   | 4 5 6 7 |  7.0
Fire Magic     | 6 8 9 10 | 10.8
Fighting       | 1 |  1.8
Summonings     | 2 |  2.2
Invocations    | 2 |  2.5
Hexes          | |  0.9

Action                     |  1- 3 |  4- 6 |  7- 9 || total
---------------------------+-------+-------+-------++-------
  Melee: Unarmed           |     7 |    19 |       ||    26
         Tentacles         |     2 |     6 |       ||     8
         Constrict         |     1 |     3 |       ||     4
   Cast: Foxfire           |       |     6 |    15 ||    21
         Scorch            |       |       |    10 ||    10
         Inner Flame       |       |       |     2 ||     2
         Fulminant Prism   |       |       |     1 ||     1
         Flame Wave        |       |       |     1 ||     1
    Use: Potion            |     2 |     3 |     5 ||    10
         Scroll            |       |     1 |     4 ||     5
  Dodge: Dodged            |     2 |     6 |     5 ||    13

Table legend: (Time is in decaauts)
 A = Elapsed time spent in this place.
 B = Non-inter-level travel time spent in this place.
 C = Inter-level travel time spent in this place.
 D = Time resting spent in this place.
 E = Time spent auto-exploring this place.
 F = Levels seen in this place.
 G = Mean time per level.
                   A        B        C        D        E       F      G
               +--------+--------+--------+--------+--------+-----+--------+
         Total |    331 |    331 |      0 |      2 |      0 |   1 |  331.0 |
       Dungeon |    331 |    331 |      0 |      2 |      0 |   1 |  331.0 |
               +--------+--------+--------+--------+--------+-----+--------+

Top non-repeatable levels by time:
       D: 331 daAuts
